Map: New Repugnancy LE

Players

MaSa - Winner!

  • Race: Terran Terran
  • Spawn Location: 7:00

JonSnow

  • Race: Zerg Zerg
  • Spawn Location: 1:00

Event: 2019 WCS Spring

VOD

Have the link to the VOD?

Description

Time

  • Played on: May 17, 2019, 3:07 p.m.
  • Length: 9:25

All games in this series

Show
View Real Time Build Order
Export as new Build Order

MaSa Terran - Winner!

Build Orders: Mech 

Get SALT Encoding   

  12  0:00  SCV  
  13  0:12  SCV  
  14  0:18  Supply Depot  
  14  0:24  SCV  
  15  0:39  SCV  
  15  0:41  Barracks  
  16  0:45  Refinery  
  16  0:51  SCV  
  17  0:59  Barracks  
  17  1:03  SCV  
  18  1:15  SCV  
  19  1:28  Reaper, Orbital Command  
  20  1:35  Barracks  
  20  1:40  Refinery  
  20  1:46  Reaper  
  21  1:52  Supply Depot  
  21  1:55  SCV  
  22  2:04  Reaper  
  23  2:13  SCV  
  24  2:18  Reaper  
  24  2:20  Supply Depot  
  25  2:25  SCV  
  25  2:29  Reaper  
  27  2:37  Reaper  
  27  2:38  SCV  
  29  2:50  SCV  
  30  2:51  Command Center  
  30  2:55  Reaper  
  31  3:01  Reaper  
  31  3:02  SCV  
  33  3:12  Reaper, Supply Depot  
  34  3:14  SCV  
  35  3:26  SCV  
  37  3:27  Reaper  
  37  3:34  Factory  
  37  3:41  SCV  
  37  3:42  Reaper  
  37  3:45  Refinery  
  39  3:49  Reaper  
  39  3:53  SCV  
  41  3:59  Marine  
  42  4:05  SCV  
  42  4:06  Orbital Command  
  43  4:15  Marine  
  42  4:21  Command Center  
  42  4:26  Starport  
  42  4:29  Marine x2  
  43  4:32  SCV  
  43  4:34  Factory Tech Lab  
  43  4:35  SCV  
  45  4:44  SCV  
  46  4:48  SCV  
  47  4:56  SCV  
  47  4:57  Factory Tech Lab  
  48  5:03  SCV  
  48  5:06  Marine x2  
  51  5:08  SCV, Marine  
  51  5:13  Banshee, Cloaking Field  
  55  5:15  Siege Tank  
  55  5:17  SCV  
  59  5:23  Marine  
  59  5:24  Refinery, Supply Depot  
  59  5:25  Factory  
  59  5:26  Barracks Reactor  
  59  5:28  SCV  
  61  5:34  Orbital Command  
  61  5:36  SCV  
  61  5:40  SCV  
  61  5:42  Marine  
  64  5:44  Marine  
  64  5:48  SCV, Siege Tank  
  69  5:54  Bunker  
  69  5:56  Banshee  
  72  5:59  SCV, Supply Depot  
  72  6:00  SCV  
  74  6:07  SCV  
  74  6:10  Armory  
  74  6:13  SCV, Factory  
  74  6:15  SCV  
  74  6:16  Barracks Tech Lab  
  76  6:23  Siege Tank  
  76  6:24  Hellion x2  
  76  6:25  SCV x2  
  84  6:30  SCV  
  84  6:32  Marine x2  
  87  6:36  Hyperflight Rotors  
  87  6:37  SCV  
  87  6:39  SCV  
  89  6:43  SCV  
  90  6:49  SCV  
  90  6:51  SCV  
  93  6:56  Supply Depot  
  93  6:57  Supply Depot  
  93  6:58  Siege Tank  
  93  6:59  Hellion x2  
  99  7:07  SCV x2, Orbital Command, Terran Vehicle Weapons Level 1  
  101  7:08  Supply Depot  
  101  7:16  Supply Depot x2  
  101  7:17  Banshee  
  101  7:19  SCV  
  101  7:21  Hellion  
  107  7:24  Siege Tank, Refinery  
  107  7:26  SCV  
  111  7:31  SCV  
  111  7:33  SCV  
  113  7:39  SCV, Hellion  
  113  7:43  Hellion, Refinery  
  118  7:50  Siege Tank  
  118  7:51  SCV  
  122  7:56  Siege Tank  
  122  7:57  Supply Depot  
  125  7:58  SCV  
  125  7:59  SCV  
  125  8:01  Engineering Bay  
  125  8:02  Banshee  
  125  8:05  SCV  
  131  8:10  Hellion x2  
  131  8:11  SCV  
  136  8:12  Supply Depot  
  136  8:16  SCV  
  137  8:20  Factory  
  137  8:22  Factory  
  137  8:23  SCV  
  137  8:24  SCV  
  137  8:25  Supply Depot  
  139  8:29  Siege Tank  
  139  8:32  SCV  
  143  8:35  SCV  
  143  8:36  Hellion, Siege Tank  
  143  8:37  SCV, Hellion  
  152  8:44  SCV  
  156  8:54  Command Center  
  151  8:55  Supply Depot  
  151  8:57  Supply Depot  
  151  8:58  Supply Depot  
Show
View Real Time Build Order
Export as new Build Order

JonSnow Zerg 

Build Orders: Hatch First 

Get SALT Encoding   

  12  0:00  Drone  
  13  0:13  Overlord  
  13  0:17  Drone  
  14  0:31  Drone x2  
  16  0:39  Drone  
  17  0:52  Hatchery  
  17  0:55  Drone  
  17  0:59  Drone  
  18  1:10  Extractor  
  17  1:13  Spawning Pool  
  17  1:17  Drone  
  17  1:20  Drone  
  18  1:29  Drone  
  19  1:41  Drone  
  20  1:50  Overlord  
  20  2:00  Queen  
  22  2:03  Queen  
  22  2:04  Zergling x4  
  26  2:11  Zergling x2  
  27  2:21  Drone  
  28  2:32  Drone x2  
  28  2:34  Drone  
  30  2:39  Roach Warren  
  28  2:50  Overlord  
  28  3:02  Overlord  
  28  3:20  Roach x6  
  37  3:32  Drone x2  
  38  3:41  Ravager  
  39  3:42  Queen  
  39  3:46  Drone x2  
  42  3:57  Ravager  
  42  3:58  Drone x2  
  42  4:00  Extractor  
  44  4:05  Overlord  
  44  4:06  Drone x4  
  48  4:16  Drone x2  
  48  4:22  Ravager  
  49  4:29  Drone  
  49  4:30  Drone x3  
  50  4:31  Queen  
  50  4:32  Extractor  
  50  4:35  Drone  
  52  4:39  Drone x3  
  52  4:43  Ravager  
  52  4:44  Drone x2  
  55  4:56  Drone x2  
  57  5:03  Overlord x2  
  57  5:04  Metabolic Boost  
  57  5:08  Zergling x4  
  57  5:09  Zergling x2  
  57  5:18  Roach, Zergling x2  
  57  5:20  Overlord  
  60  5:23  Roach  
  60  5:25  Overlord  
  62  5:33  Roach x2  
  64  5:35  Ravager  
  64  5:39  Roach x2  
  68  5:46  Zergling x6  
  70  5:52  Ravager  
  70  5:53  Roach x2  
  70  5:55  Zergling x2  
  76  6:01  Overlord  
  76  6:08  Zergling x2  
  76  6:09  Zergling x6  
  76  6:10  Ravager x2  
  82  6:15  Zergling x4  
  84  6:20  Zergling x6  
  84  6:24  Ravager  
  88  6:30  Ravager  
  88  6:31  Zergling x4  
  89  6:38  Zergling x2  
  87  6:42  Drone  
  87  6:43  Drone  
  88  6:47  Lair  
  88  6:48  Drone x3  
  88  6:52  Drone x3  
  88  6:58  Drone x2  
  88  7:00  Queen  
  92  7:12  Hatchery  
  91  7:18  Spore Crawler  
  91  7:19  Spore Crawler  
  91  7:22  Overlord x2  
  79  7:46  Overseer  
  79  7:50  Roach x6  
  91  7:51  Pneumatized Carapace  
  91  8:06  Zergling x2  
  91  8:07  Zergling x12  
  91  8:09  Ravager x3  
  101  8:16  Roach x2  
  101  8:17  Overlord  
  105  8:33  Zergling x10  
  107  8:52  Ravager  
  107  8:53  Zergling x14  
Tags
 
Add a new tag
Caveats
  • Supply blocks, unpowered buildings, or Contaminate may cause inaccurate times.
  • Supply counts are checked every 10 seconds.